[Event "Sunday 28 January Rapid Engine Tour 12+1 Rounds 9 Starts 1600 ST"]
[Site "Infinity Chess"]
[Date "2018.1.28"]
[Round "3"]
[White "Susanne"]
[Black "Tiger"]
[Result "1/2-1/2 "]
[ECO "C55"]
[WhiteElo "2457"]
[BlackElo "2437"]
[WhiteEngine "asmfish-bmi2-012118-W_CTG"]
[BlackEngine "BrainFish_180124_x64_bmi2"]
[EventType "Swiss"]
[WhiteTeam ""]
[BlackTeam ""]
[PlyCount "206"]
[TimeControl "720+1"]

1. e4 e5 2. Nf3 Nc6 3. Bc4 Nf6 4. d3 Bc5 5. c3 a5 6. O-O d6 7. Nbd2 O-O 
8. Re1 Be6 9. Bb5 Ne7 10. d4 Ba7 11. h3 Ng6 12. Ba4 c6 13. Bc2 Nh5 14. Nf1 Nhf4 
15. Ng3 f6 16. Be3 d5 17. exd5 Bxd5 18. Nf5 exd4 19. Bxf4 Nxf4 20. N3xd4 Kh8 
21. Qg4 g5 22. g3 h5 23. Qd1 Nxh3+ 24. Kh2 g4 25. f4 Re8 26. Qd3 Nf2 27. Qf1 Ne4 
28. Rad1 Bxd4 29. Rxd4 Nc5 30. c4 Rxe1 31. Qxe1 Qe8 32. Qxe8+ Rxe8 33. cxd5 Re2+ 
34. Kg1 Rxc2 35. d6 Kg8 36. d7 Nxd7 37. Rxd7 Rxb2 38. a4 b5 39. Rg7+ Kf8 
40. Ra7 bxa4 41. Rxa5 Ra2 42. Kf1 a3 43. Ra4 Kf7 44. Nd4 Rd2 45. Ra7+ Kg6 
46. Ne2 Rd3 47. Kf2 Kf5 48. Rc7 Rf3+ 49. Kg2 Ke4 50. Rxc6 Kd5 51. Rxf6 Re3 
52. Ng1 Rb3 53. Kf2 a2 54. Ra6 Rb2+ 55. Ne2 Ke4 56. f5 Kxf5 57. Ke3 Rb3+ 
58. Kd4 Rb2 59. Ra5+ Kf6 60. Nf4 Rh2 61. Ke4 h4 62. gxh4 Rxh4 63. Ra6+ Kf7 
64. Rxa2 Kg7 65. Kf5 Kf7 66. Kg5 Rh7 67. Ra7+ Kg8 68. Ra6 g3 69. Ra8+ Kf7 
70. Ra7+ Kg8 71. Ra8+ Kf7 72. Kf5 g2 73. Nxg2 Rh5+ 74. Ke4 Rh1 75. Nf4 Re1+ 
76. Kd4 Rb1 77. Ne2 Kf6 78. Ra5 Rd1+ 79. Ke3 Re1 80. Kd2 Rh1 81. Kd3 Rb1 
82. Nf4 Rb8 83. Ne2 Rb1 84. Kd2 Rb2+ 85. Ke3 Rb1 86. Nd4 Re1+ 87. Kd2 Re4 
88. Kd3 Rg4 89. Rf5+ Kg6 90. Rb5 Rg5 91. Rb6+ Kh5 92. Rb8 Rg3+ 93. Ke4 Rg4+ 
94. Ke3 Rg3+ 95. Nf3 Kh6 96. Kf4 Rg6 97. Ne1 Rf6+ 98. Kg4 Ra6 99. Ng2 Rg6+ 
100. Kf3 Rg5 101. Nh4 Ra5 102. Ng2 Kg5 103. Ne3 Ra4 1/2-1/2

[Event "Sunday 28 January Rapid Engine Tour 12+1 Rounds 9 Starts 1600 ST"]
[Site "Infinity Chess"]
[Date "2018.1.28"]
[Round "3"]
[White "KhalidOmar"]
[Black "BraveDevil"]
[Result "1/2-1/2"]
[ECO "B50"]
[WhiteElo "2458"]
[BlackElo "2451"]
[WhiteEngine "Eman 1.68c 64-bit BMI2"]
[BlackEngine "Cryptic AIL V2"]
[EventType "Swiss"]
[WhiteTeam ""]
[BlackTeam ""]
[PlyCount "83"]
[TimeControl "720+1"]

1. e4 c5 2. Nf3 d6 3. Nc3 Nc6 4. d4 cxd4 5. Nxd4 Nf6 6. Bg5 e6 7. Qd2 Be7 
8. O-O-O Nxd4 9. Qxd4 O-O 10. a3 a6 11. h4 Qc7 12. Be2 b5 13. Bxf6 gxf6 
14. f4 Rb8 15. Rhf1 Kg7 16. f5 Qc5 17. g4 Rd8 18. Qb4 Rb7 19. Kb1 Qxb4 
20. axb4 d5 21. Rd4 dxe4 22. Rxd8 Bxd8 23. Nxe4 Rd7 24. Ng3 Rd5 25. Bf3 Rd2 
26. fxe6 fxe6 27. Ne4 Rd7 28. Ng3 Rd2 29. Ne4 Rd7 30. Re1 Rd4 31. c3 Rd3 
32. Rf1 f5 33. gxf5 exf5 34. Nc5 Re3 35. Rg1+ Kf8 36. Bd5 f4 37. Kc1 f3 
38. Kd2 Re2+ 39. Kd1 Re3 40. Kd2 Re2+ 41. Kd1 Re3 42. Kd2 1/2-1/2

[Event "Sunday 28 January Rapid Engine Tour 12+1 Rounds 9 Starts 1600 ST"]
[Site "Infinity Chess"]
[Date "2018.1.28"]
[Round "3"]
[White "RonWeasley"]
[Black "Eman"]
[Result "1/2-1/2"]
[ECO "C55"]
[WhiteElo "2460"]
[BlackElo "2478"]
[WhiteEngine "BrainFish 060118_CTG"]
[BlackEngine "Eman 1.68c 64-bit POPCNT"]
[EventType "Swiss"]
[WhiteTeam ""]
[BlackTeam ""]
[PlyCount "86"]
[TimeControl "720+1"]

1. e4 e5 2. Nf3 Nc6 3. Bc4 Nf6 4. d3 Bc5 5. c3 a5 6. Bg5 h6 7. Bh4 g5 8. Bg3 d6 
9. O-O O-O 10. Bb3 g4 11. Nh4 Nh5 12. a4 Qg5 13. Na3 Bd7 14. Re1 Qf6 
15. Kh1 Rae8 16. Nb5 Bb6 17. Na3 Qg5 18. Rb1 Kh8 19. Bc2 Be6 20. Nc4 Bc5 
21. Bb3 Ba7 22. Ne3 Bxe3 23. Rxe3 Bc8 24. Kg1 Ne7 25. d4 Ng6 26. Nxg6+ fxg6 
27. Bc4 Nxg3 28. hxg3 Kg7 29. dxe5 Rxe5 30. Qd4 h5 31. b4 h4 32. bxa5 Rh8 
33. f4 gxf3 34. Rxf3 hxg3 35. Rf7+ Kh6 36. Rxc7 Qh4 37. Qd2+ Kh5 38. Be2+ Bg4 
39. Bxg4+ Kxg4 40. Qe2+ Kg5 41. Qd2+ Kg4 42. Qd1+ Kg5 43. Qd2+ Kg4 1/2-1/2

[Event "Sunday 28 January Rapid Engine Tour 12+1 Rounds 9 Starts 1600 ST"]
[Site "Infinity Chess"]
[Date "2018.1.28"]
[Round "3"]
[White "hafaba"]
[Black "fati64"]
[Result "1/2-1/2"]
[ECO "D31"]
[WhiteElo "2468"]
[BlackElo "2481"]
[WhiteEngine "SF SL FA 26012018 POPCNT_CTG"]
[BlackEngine "S_XPrO.220118.x64.POPNT"]
[EventType "Swiss"]
[WhiteTeam ""]
[BlackTeam ""]
[PlyCount "143"]
[TimeControl "720+1"]

1. d4 d5 2. c4 e6 3. Nc3 c6 4. e4 dxe4 5. Nxe4 Bb4+ 6. Bd2 Qxd4 7. Bxb4 Qxe4+ 
8. Be2 Na6 9. Ba5 b6 10. Qd6 Bd7 11. Bc3 f6 12. Nf3 Nh6 13. Rd1 Rd8 14. Qa3 Bc8 
15. Nd2 Qf4 16. Bh5+ Nf7 17. O-O c5 18. Qa4+ Ke7 19. Rfe1 Ng5 20. Re3 Rd6 
21. Rde1 Rhd8 22. Ne4 Nxe4 23. Rxe4 Qh6 24. Bf3 Kf8 25. R4e3 e5 26. h3 Qg6 
27. Be4 Qe8 28. Qc2 Be6 29. Qe2 h6 30. b3 Qd7 31. Qf1 Re8 32. f4 exf4 
33. Qxf4 Bf7 34. a3 Nc7 35. Qf1 Qd8 36. b4 Qd7 37. Bb2 Qe6 38. Bd5 Qc8 
39. Be4 Qe6 40. Bd5 Qc8 41. Be4 Na6 42. Bf5 Qd8 43. Rxe8+ Bxe8 44. Bc3 Ba4 
45. Bg6 Rd1 46. Qf3 Bb3 47. Qe2 Rxe1+ 48. Bxe1 Qd4+ 49. Kh1 Qe5 50. Qf1 cxb4 
51. axb4 Qe6 52. Bd3 Nb8 53. Bg3 Nc6 54. b5 Ne5 55. Bxe5 Qxe5 56. Qf3 Qa1+ 
57. Kh2 Qe5+ 58. g3 Qb2+ 59. Kg1 Qd4+ 60. Kg2 Qb2+ 61. Kg1 Qe5 62. Kh2 Ke7 
63. Qb7+ Kd6 64. Qc6+ Ke7 65. h4 Qb2+ 66. Kh3 Qd4 67. Bf5 Bxc4 68. Qc7+ Ke8 
69. Qc6+ Ke7 70. Qc7+ Kf8 71. Qc8+ Ke7 72. Qc7+ 1/2-1/2

[Event "Sunday 28 January Rapid Engine Tour 12+1 Rounds 9 Starts 1600 ST"]
[Site "Infinity Chess"]
[Date "2018.1.28"]
[Round "3"]
[White "KRAKEN"]
[Black "Neoxium"]
[Result "1/2-1/2"]
[ECO "A13"]
[WhiteElo "2490"]
[BlackElo "2500"]
[WhiteEngine "Raubfisch X37b4a_CTG"]
[BlackEngine "SF SL FA-IDeA"]
[EventType "Swiss"]
[WhiteTeam ""]
[BlackTeam ""]
[PlyCount "95"]
[TimeControl "720+1"]

1. c4 e6 2. d4 d5 3. Nc3 c6 4. Nf3 Nf6 5. Bg5 dxc4 6. e4 b5 7. e5 h6 8. Bh4 g5 
9. Nxg5 hxg5 10. Bxg5 Nbd7 11. g3 Qb6 12. exf6 Bb7 13. Bg2 O-O-O 14. O-O c5 
15. d5 b4 16. Na4 Qb5 17. a3 Nb8 18. axb4 cxb4 19. Qd4 Nc6 20. dxc6 Rxd4 
21. cxb7+ Kb8 22. Be3 e5 23. Rfe1 Bd6 24. Nc3 bxc3 25. bxc3 Bc5 26. Rab1 Qa6 
27. cxd4 Bxd4 28. Rbd1 Bxe3 29. Rxe3 Qxf6 30. h4 Qe6 31. Rc3 e4 32. Rd4 f5 
33. Rdxc4 Rh6 34. Rb4 Rh8 35. Rc2 a5 36. Rb1 a4 37. Bf1 e3 38. Rbc1 exf2+ 
39. Kh2 a3 40. Rc6 Qe1 41. Rc8+ Kxb7 42. R1c7+ Kb6 43. Rc6+ Ka5 44. Ra6+ Kb4 
45. Rb6+ Ka5 46. Ra6+ Kb4 47. Rb6+ Ka5 48. Ra6+ 1/2-1/2

[Event "Sunday 28 January Rapid Engine Tour 12+1 Rounds 9 Starts 1600 ST"]
[Site "Infinity Chess"]
[Date "2018.1.28"]
[Round "3"]
[White "Murx"]
[Black "Gilgamesch"]
[Result "1-0"]
[ECO "A13"]
[WhiteElo "2532"]
[BlackElo "2479"]
[WhiteEngine "BrainFish_180113_x64_modern"]
[BlackEngine "BrainFish_171005_x64_bmi2"]
[EventType "Swiss"]
[WhiteTeam ""]
[BlackTeam ""]
[PlyCount "213"]
[TimeControl "720+1"]

1. c4 e6 2. d4 Nf6 3. Nf3 d5 4. Nc3 c6 5. Bg5 h6 6. Bh4 dxc4 7. e4 g5 8. Bg3 b5 
9. Be2 Bb7 10. h4 g4 11. Ne5 Nbd7 12. Nxd7 Qxd7 13. Be5 Qe7 14. O-O Rg8 
15. Rb1 Rg6 16. Qc2 a6 17. b3 b4 18. Na4 c3 19. a3 Nd7 20. Bg3 a5 21. Rfd1 Bg7 
22. e5 Bf8 23. Ra1 h5 24. Nc5 Nxc5 25. dxc5 Qxc5 26. Qd3 Qd5 27. Qc2 Qc5 
28. axb4 Qxb4 29. Bd3 Rg7 30. Be4 c5 31. Bxb7 Qxb7 32. Qxc3 Qb4 33. Qd3 Be7 
34. Qd7+ Kf8 35. Qc7 c4 36. bxc4 Qc5 37. Qb7 Qa7 38. Qc6 Qa6 39. Qa4 Rc8 
40. Rac1 Kg8 41. Rd6 Bxd6 42. exd6 f6 43. c5 Qc6 44. Qxa5 Rb7 45. Qa2 Kf7 
46. Kh2 Qe4 47. Qa6 Qc6 48. Qc4 Ra7 49. Bf4 Rd7 50. Qc2 Kg7 51. Qd3 Rdd8 
52. Be3 Ra8 53. Qc4 Kf7 54. Rd1 Ra4 55. Qd3 Kg7 56. Qb3 Kf7 57. Rb1 Qe4 
58. Qb7+ Kg6 59. Qxe4+ Rxe4 60. Rb7 Rc4 61. Rc7 Rc3 62. d7 Kf7 63. c6 Rxc6 
64. Rxc6 Rxd7 65. Rc1 Kg6 66. Ra1 Rd3 67. g3 Rd5 68. Kg2 Kg7 69. Kf1 e5 
70. Ke2 Kf7 71. Rd1 Rb5 72. Rd7+ Kg6 73. Kd3 Rb4 74. Ra7 Rb5 75. Ke4 Rb3 
76. Ra6 Rb4+ 77. Kd5 Rb8 78. Ke6 Rc8 79. Ke7 Rc7+ 80. Kd6 Rc2 81. Rc6 Rb2 
82. Rc8 Kf7 83. Rc7+ Kg6 84. Ke6 Rb8 85. Rc6 Rf8 86. Bc5 Ra8 87. Be7 e4 
88. Bxf6 Re8+ 89. Be7 Ra8 90. Bc5 Rb8 91. Ke7+ Kg7 92. Bd4+ Kh7 93. Kf6 Rf8+ 
94. Kg5 Kg8 95. Bc5 Rb8 96. Kg6 e3 97. fxe3 Kh8 98. Kh6 Re8 99. Be7 Kg8 
100. Kg6 Rb8 101. e4 Ra8 102. Rc7 Rf8 103. e5 Rb8 104. Bf6 Rf8 105. Rg7+ Kh8 
106. Rh7+ Kg8 107. Rh8# 1-0

[Event "Sunday 28 January Rapid Engine Tour 12+1 Rounds 9 Starts 1600 ST"]
[Site "Infinity Chess"]
[Date "2018.1.28"]
[Round "2"]
[White "Thinker"]
[Black "Dovahkiin"]
[Result "1/2-1/2"]
[ECO "C50"]
[WhiteElo "2419"]
[BlackElo "2395"]
[WhiteEngine "BrainFish_180124_x64_modern_CTG"]
[BlackEngine "BrainFish_180113_x64_modern_CTG"]
[EventType "Swiss"]
[WhiteTeam ""]
[BlackTeam ""]
[PlyCount "92"]
[TimeControl "720+1"]

1. e4 e5 2. Nf3 Nc6 3. Bc4 Bc5 4. O-O Nf6 5. d3 d6 6. c3 a5 7. h3 O-O 
8. Nbd2 Be6 9. Bb5 h6 10. Re1 Qb8 11. Nf1 Qa7 12. Re2 a4 13. Ng3 Qa5 
14. Bxc6 bxc6 15. Nh4 Rfe8 16. Re1 d5 17. exd5 cxd5 18. Rxe5 Bf8 19. Qc2 c5 
20. Bd2 Nd7 21. Re2 c4 22. d4 a3 23. bxa3 Qxa3 24. Bf4 Nf6 25. Be5 Nd7 
26. Nh5 Qa4 27. Qd2 f6 28. Bh2 g5 29. Nf3 Bf7 30. g4 Bg6 31. Kg2 Rxe2 
32. Qxe2 Ra6 33. Ng3 Qa3 34. Qe1 Qe7 35. Qxe7 Bxe7 36. Nf5 Bxf5 37. gxf5 Nb6 
38. a4 Rxa4 39. Rb1 Ra6 40. Ne1 Na4 41. Ra1 Bd8 42. Nc2 Ra5 43. Rb1 Ra8 
44. Ra1 Ra5 45. Rb1 Ra8 46. Ra1 Ra5 1/2-1/2

[Event "Sunday 28 January Rapid Engine Tour 12+1 Rounds 9 Starts 1600 ST"]
[Site "Infinity Chess"]
[Date "2018.1.28"]
[Round "2"]
[White "KillBill2017"]
[Black "Cepri"]
[Result "1/2-1/2"]
[ECO "A06"]
[WhiteElo "2330"]
[BlackElo "2425"]
[WhiteEngine "Raubfisch ME262_GTZ16b4_CTG"]
[BlackEngine "asmFishW_07N17_CTG"]
[EventType "Swiss"]
[WhiteTeam ""]
[BlackTeam ""]
[PlyCount "61"]
[TimeControl "720+1"]

1. Nf3 d5 2. d4 Nf6 3. c4 c6 4. Nc3 e6 5. Bg5 h6 6. Bxf6 Qxf6 7. e3 Nd7 
8. Be2 g6 9. O-O Bg7 10. e4 dxe4 11. Nxe4 Qf4 12. Qc2 f5 13. Ned2 c5 14. g3 Qc7 
15. Nh4 Bxd4 16. Nxg6 Rg8 17. Nh4 Nf6 18. Ndf3 Rxg3+ 19. hxg3 Qxg3+ 20. Ng2 Ng4 
21. Qd2 Bxf2+ 22. Rxf2 Qxf2+ 23. Kh1 Bd7 24. Rf1 Qg3 25. Qe1 Qxe1 26. Nfxe1 Ne5 
27. Nf3 Ng4 28. Nfh4 Ne5 29. Nf3 Ng4 30. Nfe1 Ne5 31. Nf3 1/2-1/2

[Event "Sunday 28 January Rapid Engine Tour 12+1 Rounds 9 Starts 1600 ST"]
[Site "Infinity Chess"]
[Date "2018.1.28"]
[Round "2"]
[White "star99"]
[Black "tris77"]
[Result "1/2-1/2"]
[ECO "B23"]
[WhiteElo "2358"]
[BlackElo "2342"]
[WhiteEngine "Cryptic AIL V2"]
[BlackEngine "stockfish_18012416_x64_modern_CTG"]
[EventType "Swiss"]
[WhiteTeam ""]
[BlackTeam ""]
[PlyCount "137"]
[TimeControl "720+1"]

1. e4 c5 2. Nc3 d6 3. Nf3 Nf6 4. d4 cxd4 5. Nxd4 a6 6. Bg5 e6 7. Qf3 Nbd7 
8. Be2 Be7 9. a4 O-O 10. O-O Ne5 11. Qg3 Bd7 12. f4 Qb6 13. Kh1 Ng6 14. Nb3 Kh8 
15. Qh3 Rac8 16. f5 Ne5 17. Rf4 Qd8 18. Raf1 exf5 19. exf5 Ng8 20. Bxe7 Qxe7 
21. Nd5 Qd8 22. c4 Nf6 23. Nxf6 Qxf6 24. Nd2 Bc6 25. b4 b6 26. b5 axb5 
27. axb5 Bb7 28. Ne4 Bxe4 29. Rxe4 Nd7 30. Qh4 Rc5 31. Qxf6 Nxf6 32. Rd4 d5 
33. Kg1 Re8 34. Bd3 dxc4 35. Bxc4 Kg8 36. Ra1 h5 37. Ra7 Kh7 38. Ra1 Kh6 
39. Bxf7 Re4 40. Rxe4 Nxe4 41. Re1 Nf6 42. Re6 Rxb5 43. h4 Rxf5 44. Rxb6 g6 
45. g3 Kg7 46. Rb7 Kh6 47. Rb6 Kg7 48. Be6 Rf3 49. Rb7+ Kh6 50. Kg2 Rc3 
51. Rb4 Rc2+ 52. Kf3 Rc3+ 53. Kg2 Rc2+ 54. Kf1 Rd2 55. Bh3 Nd5 56. Rb5 Nc3 
57. Re5 Rd4 58. Re7 Ne4 59. Kg2 Rd2+ 60. Kf3 Nf6 61. Re6 Rd3+ 62. Re3 Rxe3+ 
63. Kxe3 Nd5+ 64. Ke2 g5 65. Bf5 gxh4 66. gxh4 Kg7 67. Ke1 Nf6 68. Bb1 Nd7 
69. Bc2 1/2-1/2

[Event "Sunday 28 January Rapid Engine Tour 12+1 Rounds 9 Starts 1600 ST"]
[Site "Infinity Chess"]
[Date "2018.1.28"]
[Round "2"]
[White "Satria_Ungu"]
[Black "incredible"]
[Result "1/2-1/2"]
[ECO "D31"]
[WhiteElo "2378"]
[BlackElo "2420"]
[WhiteEngine "Houdini 6_CTG"]
[BlackEngine "Houdini 6"]
[EventType "Swiss"]
[WhiteTeam ""]
[BlackTeam ""]
[PlyCount "159"]
[TimeControl "720+1"]

1. d4 d5 2. c4 e6 3. Nc3 c6 4. Nf3 Nf6 5. e3 Nbd7 6. Bd3 dxc4 7. Bxc4 b5 
8. Bd3 Bb7 9. O-O a6 10. Ne4 c5 11. Nxc5 Bxc5 12. dxc5 Nxc5 13. Be2 O-O 
14. Qxd8 Raxd8 15. Rd1 Rxd1+ 16. Bxd1 Nd3 17. Be2 Rd8 18. Nd4 Nxc1 19. Rxc1 Kf8 
20. a3 e5 21. Nb3 Rc8 22. Nc5 Ke7 23. Rc3 Nd5 24. Rc2 Rc7 25. e4 Nb6 26. Bd3 Nd7 
27. Nb3 Kd6 28. Rd2 Kc6 29. Bb1 Kb6 30. f3 a5 31. Rd6+ Bc6 32. Kf2 Nc5 
33. Nxc5 Kxc5 34. Rd1 f6 35. Ke3 Rd7 36. Rc1+ Kb6 37. Ba2 Rd4 38. Bg8 b4 
39. axb4 Rxb4 40. b3 h6 41. Rc3 Rd4 42. Bf7 Kb5 43. h4 Rd1 44. g4 Kb6 45. h5 Bb7 
46. Be8 Rd8 47. Bf7 Bc6 48. Bc4 Rc8 49. Be2 Bb7 50. Bc4 Rc7 51. Kd2 Rd7+ 
52. Ke3 Rc7 53. Kd3 Re7 54. Rc2 Rd7+ 55. Ke2 Rc7 56. Rc1 Bc6 57. Ra1 Be8 
58. Ra2 Rc5 59. Rb2 Rc7 60. Ra2 a4 61. Ra1 axb3 62. Bxb3 Bb5+ 63. Kd2 Rd7+ 
64. Bd5 Ra7 65. Rb1 Kc5 66. Ke3 Ra3+ 67. Kf2 Rd3 68. Rb2 Rc3 69. Kg3 Bd3 
70. Rb7 Be2 71. Kf2 Bd1 72. Ke1 Rd3 73. Rc7+ Kd4 74. Bc4 Rxf3 75. Kxd1 Rc3 
76. Rxg7 Rxc4 77. Rg6 Ke3 78. Rxh6 Rxe4 79. Rxf6 Rxg4 80. Re6 1/2-1/2

[Event "Sunday 28 January Rapid Engine Tour 12+1 Rounds 9 Starts 1600 ST"]
[Site "Infinity Chess"]
[Date "2018.1.28"]
[Round "2"]
[White "IronMan"]
[Black "ocirema"]
[Result "1/2-1/2"]
[ECO "B90"]
[WhiteElo "2422"]
[BlackElo "2434"]
[WhiteEngine "SF SL FA 250118-IDeA"]
[BlackEngine "stockfish_18012314_x64_modern_CTG"]
[EventType "Swiss"]
[WhiteTeam ""]
[BlackTeam ""]
[PlyCount "111"]
[TimeControl "720+1"]

1. e4 c5 2. Nf3 d6 3. d4 cxd4 4. Nxd4 Nf6 5. Nc3 a6 6. Be3 e5 7. Nb3 Be6 
8. f3 h5 9. Qd2 Nbd7 10. Nd5 Nxd5 11. exd5 Bf5 12. Na5 Qc7 13. Rc1 Be7 
14. Bd3 Bxd3 15. cxd3 Qb8 16. d4 Bh4+ 17. Bf2 Bxf2+ 18. Kxf2 O-O 19. Rhe1 Re8 
20. a3 exd4 21. Rxe8+ Qxe8 22. Qxd4 Rc8 23. Rxc8 Qxc8 24. Qc4 Qd8 25. b4 Ne5 
26. Qe4 g5 27. Ke2 Qe7 28. Nb3 b5 29. Nd2 Kg7 30. Nf1 Kf8 31. Ne3 Qf6 
32. Qf5 Kg7 33. g3 Qe7 34. f4 gxf4 35. Qxf4 Qf6 36. Nf5+ Kf8 37. h3 Nc4 
38. Kd3 Ne5+ 39. Ke4 Nc4 40. Kd3 Ne5+ 41. Kc2 Ke8 42. g4 hxg4 43. hxg4 Kd7 
44. Qd4 Qd8 45. Qa7+ Qc7+ 46. Qxc7+ Kxc7 47. g5 Nf3 48. Kd3 Nxg5 49. Nh6 Nf3 
50. Nxf7 Ne5+ 51. Nxe5 dxe5 52. Ke3 Kd7 53. Kf3 Ke7 54. Ke3 Kd7 55. Kd3 Ke7 
56. Ke3 1/2-1/2

[Event "Sunday 28 January Rapid Engine Tour 12+1 Rounds 9 Starts 1600 ST"]
[Site "Infinity Chess"]
[Date "2018.1.28"]
[Round "2"]
[White "Tiger"]
[Black "BraveDevil"]
[Result "1/2-1/2"]
[ECO "C58"]
[WhiteElo "2436"]
[BlackElo "2452"]
[WhiteEngine "BrainFish_180124_x64_bmi2"]
[BlackEngine "Cryptic AIL V2"]
[EventType "Swiss"]
[WhiteTeam ""]
[BlackTeam ""]
[PlyCount "109"]
[TimeControl "720+1"]

1. e4 e5 2. Nf3 Nc6 3. Bc4 Nf6 4. Ng5 d5 5. exd5 Na5 6. Bb5+ c6 7. dxc6 bxc6 
8. Bd3 Nd5 9. h4 g6 10. Nc3 h6 11. Nxd5 cxd5 12. Nf3 Bg7 13. Bb5+ Bd7 
14. Bxd7+ Qxd7 15. d4 f6 16. Nd2 O-O 17. O-O Rae8 18. Nb3 Nc4 19. Nc5 Qf7 
20. c3 Re7 21. Nd3 Rc8 22. b3 Nd6 23. Ba3 Rd7 24. Qe2 e4 25. Nc5 Rdd8 26. f3 f5 
27. Rae1 Bf6 28. g3 exf3 29. Qa6 Ne4 30. Rxf3 Rc7 31. Bb4 Re8 32. Nxe4 dxe4 
33. Rff1 h5 34. Rd1 Rd7 35. Qe2 Bg7 36. Bc5 Bh6 37. Rde1 Qf6 38. c4 Qc6 
39. b4 e3 40. d5 Qa6 41. Rd1 Qf6 42. Rd4 Rc7 43. Rdd1 Re4 44. Rf3 Qc3 45. d6 Rd7 
46. b5 Qe5 47. Ba3 Rg4 48. c5 Rxg3+ 49. Kf1 Rg4 50. c6 Rxh4 51. Kg1 Rg4+ 
52. Kh1 Rh4+ 53. Kg1 Rg4+ 54. Kh1 Rh4+ 55. Kg1 1/2-1/2

[Event "Sunday 28 January Rapid Engine Tour 12+1 Rounds 9 Starts 1600 ST"]
[Site "Infinity Chess"]
[Date "2018.1.28"]
[Round "2"]
[White "Susanne"]
[Black "KhalidOmar"]
[Result "1/2-1/2"]
[ECO "A13"]
[WhiteElo "2457"]
[BlackElo "2458"]
[WhiteEngine "asmfish-bmi2-012118-W_CTG"]
[BlackEngine "Eman 1.68c 64-bit BMI2"]
[EventType "Swiss"]
[WhiteTeam ""]
[BlackTeam ""]
[PlyCount "119"]
[TimeControl "720+1"]

1. c4 e6 2. Nc3 d5 3. d4 c6 4. e4 dxe4 5. Nxe4 Bb4+ 6. Nc3 c5 7. a3 Ba5 
8. Be3 Ne7 9. Nge2 cxd4 10. Qxd4 Nf5 11. Qe4 Nxe3 12. Qxe3 Qb6 13. Qd2 Qb3 
14. Rd1 Nc6 15. Nc1 Bxc3 16. Nxb3 Bxd2+ 17. Kxd2 b6 18. Bd3 Bd7 19. Kc3 Rc8 
20. Rhe1 a5 21. Bf1 Ne7 22. Nd2 Nf5 23. b4 Ke7 24. bxa5 bxa5 25. Re5 a4 
26. Rb1 Rc7 27. Bd3 g6 28. Ra5 h6 29. g3 Bc6 30. Bc2 Rd8 31. Bxa4 Bxa4 
32. Rxa4 Nd4 33. Nb3 Nxb3 34. Rxb3 Rcd7 35. Ra5 Rd3+ 36. Kb4 Rxb3+ 37. Kxb3 Rd3+ 
38. Kb4 Rf3 39. Kb5 Rxf2 40. a4 e5 41. Kc6 f6 42. Rb5 e4 43. a5 Ra2 44. c5 e3 
45. Rb3 e2 46. Re3+ Kd8 47. Kd6 f5 48. a6 g5 49. Ke5 f4 50. gxf4 gxf4 
51. Kxf4 Kd7 52. a7 Rxa7 53. Rxe2 Kc6 54. Re6+ Kxc5 55. Rxh6 Rd7 56. Rg6 Rh7 
57. Rg2 Rh8 58. Rd2 Rf8+ 59. Kg4 Rg8+ 60. Kf3 1/2-1/2

[Event "Sunday 28 January Rapid Engine Tour 12+1 Rounds 9 Starts 1600 ST"]
[Site "Infinity Chess"]
[Date "2018.1.28"]
[Round "2"]
[White "hafaba"]
[Black "RonWeasley"]
[Result "1/2-1/2"]
[ECO "E10"]
[WhiteElo "2468"]
[BlackElo "2460"]
[WhiteEngine "SF SL FA 26012018 POPCNT_CTG"]
[BlackEngine "BrainFish 060118_CTG"]
[EventType "Swiss"]
[WhiteTeam ""]
[BlackTeam ""]
[PlyCount "103"]
[TimeControl "720+1"]

1. d4 Nf6 2. c4 e6 3. Nf3 d5 4. Nc3 c6 5. e3 Nbd7 6. Be2 Bd6 7. O-O O-O 8. b3 b6 
9. Qc2 Bb7 10. Bb2 Qe7 11. Rfe1 c5 12. cxd5 exd5 13. Nb5 Bb8 14. Nc3 Re8 
15. Bf1 Bc7 16. g3 Rac8 17. Bh3 a6 18. Red1 Bb8 19. Rac1 Bd6 20. dxc5 bxc5 
21. Bg2 Nb6 22. Re1 Qd7 23. Ne2 Ne4 24. Nc3 Nf6 25. Qb1 Bc6 26. Ne2 Ne4 
27. Nf4 Bb7 28. Qd3 f6 29. Nd2 f5 30. Red1 Qf7 31. Nxe4 fxe4 32. Qd2 Re7 
33. h4 h6 34. Bh3 Rce8 35. Qa5 Nd7 36. b4 Bxf4 37. gxf4 Bc8 38. bxc5 Ne5 
39. Bxc8 Nf3+ 40. Kf1 Rxc8 41. c6 d4 42. Rxd4 Nxd4 43. Bxd4 Rec7 44. Qxa6 Qe6 
45. Rc5 Rxc6 46. Qb7 Qg4 47. Rxc6 Rxc6 48. Qxc6 Qd1+ 49. Kg2 Qg4+ 50. Kf1 Qd1+ 
51. Kg2 Qg4+ 52. Kf1 1/2-1/2

[Event "Sunday 28 January Rapid Engine Tour 12+1 Rounds 9 Starts 1600 ST"]
[Site "Infinity Chess"]
[Date "2018.1.28"]
[Round "2"]
[White "fati64"]
[Black "Eman"]
[Result "1/2-1/2"]
[ECO "C65"]
[WhiteElo "2481"]
[BlackElo "2478"]
[WhiteEngine "S_XPrO.220118.x64.POPNT"]
[BlackEngine "Eman 1.68c 64-bit POPCNT"]
[EventType "Swiss"]
[WhiteTeam ""]
[BlackTeam ""]
[PlyCount "87"]
[TimeControl "720+1"]

1. e4 e5 2. Nf3 Nc6 3. Bb5 Nf6 4. d3 Bc5 5. Ba4 O-O 6. O-O d6 7. Be3 Bxe3 
8. fxe3 Rb8 9. Qe1 b5 10. Bb3 h6 11. h3 Ne7 12. a4 a6 13. Nc3 Bd7 14. Nd2 Qc8 
15. Qg3 Kh7 16. Qe1 Be6 17. Bxe6 fxe6 18. Nf3 Kg8 19. axb5 axb5 20. Nd1 b4 
21. Qg3 Ra8 22. Nf2 Rxa1 23. Rxa1 Qb7 24. Ng4 Nxg4 25. Qxg4 Rf6 26. Qh4 Qc6 
27. Qf2 Rf8 28. h4 Ra8 29. Rxa8+ Qxa8 30. Qe1 Qa4 31. Qd1 Qa2 32. b3 Qa7 
33. Qd2 Nc6 34. h5 Kf7 35. Kh2 Ke8 36. Qf2 Ne7 37. Qg3 Qxe3 38. Qxg7 Qf4+ 
39. Kh3 Kd7 40. Nh4 Ke8 41. Nf3 Kd7 42. Nh4 Qe3+ 43. Kh2 Qf4+ 44. Kh3 1/2-1/2

[Event "Sunday 28 January Rapid Engine Tour 12+1 Rounds 9 Starts 1600 ST"]
[Site "Infinity Chess"]
[Date "2018.1.28"]
[Round "2"]
[White "KRAKEN"]
[Black "Gilgamesch"]
[Result "1/2-1/2"]
[ECO "A13"]
[WhiteElo "2490"]
[BlackElo "2479"]
[WhiteEngine "Raubfisch X37b4a_CTG"]
[BlackEngine "BrainFish_171005_x64_bmi2"]
[EventType "Swiss"]
[WhiteTeam ""]
[BlackTeam ""]
[PlyCount "123"]
[TimeControl "720+1"]

1. c4 e6 2. d4 Nf6 3. Nf3 d5 4. Nc3 c6 5. Bg5 h6 6. Bxf6 Qxf6 7. e3 Nd7 
8. Be2 Qd8 9. O-O Be7 10. Qc2 O-O 11. Rac1 a6 12. a3 b6 13. cxd5 cxd5 14. Na2 b5 
15. Nb4 Bd6 16. Nd3 Qe7 17. Nc5 Ra7 18. g3 Rc7 19. b4 Nb6 20. e4 dxe4 
21. Qxe4 Nd5 22. Ne5 Bb7 23. Nxb7 Rxc1 24. Rxc1 Qxb7 25. Bd3 f5 26. Qf3 Bxe5 
27. dxe5 Rd8 28. Rc5 Qd7 29. Bc2 Ne7 30. h3 Kf7 31. g4 g6 32. gxf5 gxf5 
33. Bb3 Rg8+ 34. Kf1 Qd4 35. Qd1 Qxd1+ 36. Bxd1 Rd8 37. Bh5+ Kf8 38. Ke2 Nd5 
39. Kf3 Ne7 40. Ke3 Nd5+ 41. Kf3 Ke7 42. Rc6 Ra8 43. Kg3 a5 44. Bf3 Rg8+ 
45. Kh2 axb4 46. axb4 Rd8 47. Be2 Nxb4 48. Rc7+ Kf8 49. Bxb5 Rd5 50. Bc4 Rxe5 
51. Kg3 Nd5 52. Bxd5 Rxd5 53. Kf4 Ke8 54. Rh7 Rd3 55. f3 h5 56. h4 Rd4+ 
57. Kg5 e5 58. Kxf5 Rxh4 59. Kxe5 Kf8 60. f4 Kg8 61. Rb7 Rh1 62. f5 1/2-1/2

[Event "Sunday 28 January Rapid Engine Tour 12+1 Rounds 9 Starts 1600 ST"]
[Site "Infinity Chess"]
[Date "2018.1.28"]
[Round "2"]
[White "Neoxium"]
[Black "Murx"]
[Result "1/2-1/2"]
[ECO "A07"]
[WhiteElo "2499"]
[BlackElo "2533"]
[WhiteEngine "SF SL FA-IDeA"]
[BlackEngine "BrainFish_180113_x64_modern"]
[EventType "Swiss"]
[WhiteTeam ""]
[BlackTeam ""]
[PlyCount "66"]
[TimeControl "720+1"]

1. Nf3 d5 2. g3 Bg4 3. Bg2 c6 4. d3 Nd7 5. c4 dxc4 6. dxc4 Ngf6 7. O-O Qc7 
8. Qc2 e6 9. Nc3 h6 10. a3 Be7 11. h3 Bf5 12. e4 Bh7 13. Qe2 e5 14. b4 a5 
15. Rb1 O-O 16. Nh4 Rfd8 17. Nf5 Nf8 18. Be3 Ne6 19. Nxe7+ Qxe7 20. Bb6 Rd7 
21. Qb2 Ng5 22. bxa5 Nfxe4 23. Rbd1 Nxc3 24. Qxc3 f6 25. h4 Ne6 26. Rxd7 Qxd7 
27. Bh3 Bg6 28. Qb4 Re8 29. Re1 Qd3 30. Bf1 Qd7 31. Bh3 Qd3 32. Re3 Qd1+ 
33. Re1 Qd3 1/2-1/2